 Dungeon Crawl Stone Soup version 0.23-a0-449-g8e4cbf7 (webtiles) character file.

16 Lavandula the Sneak (level 2, 0/22 HPs)
             Began as a Naga Air Elementalist on Nov 22, 2018.
             Killed from afar by Natasha (8 damage)
             ... with a magic dart
             ... on level 2 of the Dungeon.
             The game lasted 00:01:38 (384 turns).

Lavandula the Sneak (Naga Air Elementalist)          Turns: 384, Time: 00:01:39

Health: 0/22       AC:  1    Str: 10    XL:     2   Next: 54%
Magic:  0/5        EV: 10    Int: 15    God:
Gold:   88         SH:  0    Dex: 11    Spells: 3/6 levels left

rFire    . . .     SeeInvis +   f - +0 dagger
rCold    . . .     Gourm    .   (no shield)
rNeg     . . .     Faith    .   a - +0 robe
rPois    +         Spirit   .   (no helmet)
rElec    .         Reflect  .   (no cloak)
rCorr    .         Harm     .   (no gloves)
MR       .....                  (no barding)
Stlth    +.........             (no amulet)
HPRegen  0.07/turn              d - ring of attention (curse)
MPRegen  0.09/turn              (no ring)

@: short of breath, very slow
A: large, see invisible, deformed body, poison resistance, slowness 2, slow
metabolism 1, spit poison 1, AC +0
a: Spit Poison


You were on level 2 of the Dungeon.
You were not hungry.

You visited 1 branch of the dungeon, and saw 2 of its levels.

You collected 88 gold pieces.

Inventory:

Hand Weapons
 f - a +0 dagger (weapon)
Armour
 a - a +0 robe (worn)
Jewellery
 d - a cursed ring of attention (left hand)
Scrolls
 g - a scroll of identify {unknown}
Potions
 b - a potion of heal wounds {unknown}
 e - 2 potions of curing {unknown}
 h - a potion of haste {unknown}
Comestibles
 c - 4 rations


   Skills:
 - Level 1.5 Dodging
 - Level 3.0 Stealth
 + Level 2.9 Spellcasting
 - Level 1.0 Conjurations
 - Level 3.0 Air Magic


You had 3 spell levels left.
You knew the following spells:

 Your Spells              Type           Power        Failure   Level  Hunger
a - Shock                 Conj/Air       #...         9%          1    #......
b - Swiftness             Chrm/Air       #.......     17%         2    ##.....

Your spell library contained the following spells:

 Spells                   Type           Power        Failure   Level  Hunger
 Static Discharge         Conj/Air       #.......     26%         3    ###....
 Airstrike                Air            ##........   52%         4    #####..
 Lightning Bolt           Conj/Air       #.........   94%         5    ######.


Dungeon Overview and Level Annotations

Branches:
Dungeon (1/15)

Altars:

Annotations:
D:2 Natasha


Innate Abilities, Weirdness & Mutations

You cannot wear boots.
Your serpentine skin is tough. (AC +0)
You have supernaturally acute eyesight. (SInv)
Armour fits poorly on your strangely shaped body.
Your system is resistant to poisons. (rPois)
You cover ground very slowly.
You have a slow metabolism.
You can spit poison.


Message History

Aim: Natasha (almost dead)
The zap misses Natasha.
The zap hits the white imp.
The white imp is severely wounded.
Natasha casts a spell at you. You resist with significant effort.
The kobold misses you.
Unknown command.
Casting: Shock (safe; 9% risk of failure)
Confirm with . or Enter, or press ? or * to list all spells.
Aiming: Shock (safe; 9% risk of failure)
Press: ? - help, Shift-Dir - straight line, f/p - Natasha
Aim: Natasha (almost dead)
The zap misses Natasha.
The zap hits the white imp.
You kill the white imp!
The kobold hits you. Natasha claws you but does no damage.
You hit Natasha but do no damage.
Natasha is almost dead.
The kobold closely misses you.
Natasha stares at you and mumbles some strange words.
The magic dart hits you!
You die...

###### [.###
#....#
....(.####%.).#
#(...h@##)...###
##.....Kl.....(..
#.##(.##.......#
# ##$##...(##...
#.....### #.
#..?... ####..l.
###..# #..


You could see Natasha, a leopard gecko and a kobold.

Vanquished Creatures
  A leopard gecko (D:1)
  A giant cockroach (D:1)
  2 hobgoblins (D:1)
  2 kobolds (D:1)
  A bat (D:1)
  5 goblins
  2 rats (D:1)
14 creatures vanquished.

Notes
Turn   | Place    | Note
-------+----------+-------------------------------------------
     0 | D:1      | Lavandula the Naga Air Elementalist began the quest for the
                  | Orb.
     0 | D:1      | Reached XP level 1. HP: 15/15 MP: 3/3
   210 | D:1      | Reached XP level 2. HP: 2/22 MP: 2/5
   254 | D:1      | Learned a level 2 spell: Swiftness
   372 | D:1      | You fall through a shaft!
   377 | D:2      | Noticed Natasha
   384 | D:2      | Killed from afar by Natasha

Vault maps used:
D:1:      dpeg_arrival_snail, minmay_tall_x
D:2:      uniq_natasha

Action                   || total
-------------------------++-------
Melee: Dagger            ||     1
 Cast: Shock             ||    19
 Abil: Spit Poison       ||     9
Armor: Robe              ||     3
Dodge: Dodged            ||    14

Table legend:
 A = Non-vault XP
 B = Vault XP
 C = Vault XP percentage of total XP
 D = Non-vault monster count
 E = Vault monster count
 F = Vault count percentage of total count
                 A         B        C        D         E       F
            +---------+---------+-------+---------+---------+-------
      Total |      16 |       7 |  30.4 |      10 |       4 |  28.6
            +---------+---------+-------+---------+---------+-------
        D:1 |      14 |       7 |  33.3 |       9 |       4 |  30.8
        D:2 |       2 |       0 |   0.0 |       1 |       0 |   0.0
            +---------+---------+-------+---------+---------+-------
